 Dungeon Crawl Stone Soup version 0.26-a0-639-g72c4674329 (webtiles) character file.

Game seed: 16275796118681007844

29 MrRokkomies the Magician (level 2, 0/24 HPs)
             Began as a Demigod Wanderer on Sept 16, 2020.
             Slain by a hobgoblin
             ... wielding a +0 club
              (5 damage)
             ... on level 2 of the Dungeon.
             The game lasted 00:02:33 (1669 turns).

MrRokkomies the Magician (Demigod Wanderer)         Turns: 1669, Time: 00:02:34

Health: 0/24       AC:  3    Str: 13    XL:     2   Next: 81%
Magic:  7/7        EV: 12    Int: 16    God:
Gold:   80         SH:  0    Dex: 17    Spells: 4/5 levels left

rFire    . . .     SeeInvis .   a - +0 spear
rCold    . . .     Faith    .   (no shield)
rNeg     . . .     Spirit   .   d - +0 robe
rPois    .         Reflect  .   (no helmet)
rElec    .         Harm     .   (no cloak)
rCorr    .         Rampage  .   j - +0 pair of gloves
MR       .....                  (no boots)
Stlth    ++........             (no amulet)
HPRegen  0.08/turn              (no ring)
MPRegen  0.10/turn              (no ring)

@: no status effects
A: high mp 1
a: no special abilities


You were on level 2 of the Dungeon.
You visited 1 branch of the dungeon, and saw 2 of its levels.

You collected 80 gold pieces.

Inventory:

Hand Weapons
 a - a +0 spear (weapon)
 e - a +0 dagger
Armour
 d - a +0 robe (worn)
 j - a +0 pair of gloves (worn)
Scrolls
 b - 2 scrolls of remove curse {unknown}
 h - a scroll of amnesia {unknown}
 i - a scroll of enchant weapon {unknown}
 k - a scroll of identify {unknown}
 l - a scroll of teleportation {unknown}
Potions
 c - a potion of haste {unknown}
 f - a potion of degeneration {unknown}
 g - 2 potions of curing {unknown}


   Skills:
 * Level 1.7 Fighting
 + Level 0.8 Dodging
 - Level 1.7 Stealth
   Level 1.0 Shields
 + Level 2.0 Spellcasting
 * Level 1.1 Summonings
   Level 1.7 Translocations
   Level 1.0 Transmutations
   Level 1.0 Evocations


You had 4 spell levels left.
You knew the following spells:

 Your Spells              Type           Power        Failure   Level
a - Summon Small Mammal   Summ           #...         13%         1

Your spell library contained the following spells:

 Spells                   Type           Power        Failure   Level
 Blink                    Tloc           N/A          16%         2
 Gell's Gravitas          Tloc           #.........   30%         3
 Lesser Beckoning         Tloc           #.........   30%         3
 Teleport Other           Tloc           #.......     30%         3
 Call Canine Familiar     Summ           #.......     36%         3
 Passage of Golubria      Tloc           N/A          69%         4


Dungeon Overview and Level Annotations

Branches:
Dungeon (2/15)


Innate Abilities, Weirdness & Mutations

You have an increased reservoir of magic. (+10% MP)


Message History

Attack whom?
Press: ? - help, Dir - move target cursor, f/p - kobold
Aim: a kobold, wielding a +0 dagger You reach to attack!
You hit the kobold.
You kill the kobold!
The goblin closely misses you.
Attack whom?
Press: ? - help, Dir - move target cursor, f - goblin
Aim: a goblin, wielding a +0 club You closely miss the goblin.
The goblin misses you.
Attack whom?
Press: ? - help, Dir - move target cursor, f/p - goblin
Aim: a goblin, wielding a +0 club You hit the goblin.
You kill the goblin!
Attack whom?
Press: ? - help, Dir - move target cursor, f - hobgoblin
Aim: a hobgoblin, wielding a +0 club You hit the hobgoblin but do no damage.
The hobgoblin hits you with a +0 club.
You die...

## #.# #.# .# #.# #.# .#
#.# #.# .# #.#####.#
.######.##....##
...............####### #
.######..............# .#
.'..###........#####.# #.#
.##..##...#.....@g)..# ^..
.###.##...#....###.#.###.#
## #.##...#....# #.......#
#..#...#.#### #####(###
##'#...#.... #.....#
#.......[... .!....#
#........... <......#
####........... #.......#
#.......####### #.#####.#


You could see a hobgoblin.

Vanquished Creatures
  A dart slug (D:1)
  A giant cockroach (D:1)
  4 hobgoblins
  3 jackals (D:2)
  2 quokkas (D:2)
  A ball python (D:1)
  2 frilled lizards (D:1)
  3 goblins (D:2)
  3 kobolds
  3 rats (D:2)
23 creatures vanquished.

Vanquished Creatures (collateral kills)
  2 goblins (D:1)
  2 bats (D:1)
4 creatures vanquished.

Grand Total: 27 creatures vanquished

Notes
Turn   | Place    | Note
-------+----------+-------------------------------------------
     0 | D:1      | MrRokkomies the Demigod Wanderer began the quest for the
                  | Orb.
     0 | D:1      | MrRokkomies set off with the following items: a +0 spear, a
                  | +0 robe, a +0 dagger; and the following spell memorised:
                  | Summon Small Mammal; and the following spells available to
                  | memorise: Blink, Gell's Gravitas, Lesser Beckoning,
                  | Teleport Other, Call Canine Familiar, Passage of Golubria
     0 | D:1      | Reached XP level 1. HP: 16/16 MP: 5/5
   708 | D:1      | Reached XP level 2. HP: 19/23 MP: 7/7
  1026 | D:2      | Reached skill level 1 in Summonings
  1243 | D:2      | Reached skill level 2 in Spellcasting
  1561 | D:2      | Found a stormy altar of Qazlal.
  1669 | D:2      | Slain by a hobgoblin

Illustrated notes

Levels and vault maps discovered:
D:1:      grunt_arrival_crossed_arrows, layout_rooms
D:2:      layout_basic, nicolae_overflow_hidden_temple, lemuel_doored_altar

Skill      XL: |  1  2 |
---------------+-------+-----
Summonings     | 1 |  1.1
Spellcasting   | 2 |  2.0
Fighting       | |  1.7
Dodging        | |  0.8
Stealth        | |  1.7
Shields        | |  1.0
Translocations | |  1.7
Transmutations | |  1.0
Evocations     | |  1.0

Action                   || total
-------------------------++-------
Melee: Spear             ||    94
 Cast: Summon Small Mamm ||    10
 Stab: Sleeping          ||     7
Armor: Robe              ||    17
Dodge: Dodged            ||    60

Table legend: (Time is in decaauts)
 A = Elapsed time spent in this place.
 B = Non-inter-level travel time spent in this place.
 C = Inter-level travel time spent in this place.
 D = Time resting spent in this place.
 E = Time spent auto-exploring this place.
 F = Levels seen in this place.
 G = Mean time per level.
                   A        B        C        D        E       F      G
               +--------+--------+--------+--------+--------+-----+--------+
         Total |   1678 |   1662 |     16 |      0 |   1452 |   2 |  839.0 |
       Dungeon |   1678 |   1662 |     16 |      0 |   1452 |   2 |  839.0 |
               +--------+--------+--------+--------+--------+-----+--------+

Top non-repeatable levels by time:
     D:1: 1005 daAuts
     D:2: 672 daAuts
